 Dungeon Crawl Stone Soup version 0.16.0-11-gd45b091 (webtiles) character file.

214 maniek23 the Charmwright (level 5, -3/40 HPs)
             Began as a Vampire Skald on Mar 17, 2015.
             Slain by a gnoll
             ... wielding a +0 whip
              (5 damage)
             ... on level 3 of the Dungeon.
             The game lasted 00:20:07 (3614 turns).

maniek23 the Charmwright (Vampire Skald)            Turns: 3614, Time: 00:20:07

Health: -3/40      AC:  5    Str: 12    XL:     5   Next: 60%
Magic:  9/9        EV: 12    Int: 14    God:
Gold:   84         SH:  0    Dex: 13    Spells: 3 memorised, 2 levels left

rFire  . . .     SeeInvis +     a - +1 short sword
rCold  . . .     Clarity  .     w - +0 leather armour (curse)
rNeg   + . .     SustAb   .     (no shield)
rPois  .         Gourm    .     (no helmet)
rElec  .         Spirit   .     r - +0 cloak
rCorr  .         Warding  .     k - +0 pair of gloves
rMut   .         Stasis   .     (no boots)
MR     .....                    x - amulet of inaccuracy (curse)
Stlth  +.........               (no ring)
                                (no ring)

@: invisible, not resistant to hostile enchantments, very unstealthy
A: bottle blood, fangs 3, see invisible, high mp 1, unbreathing
a: Bat Form


You were on level 3 of the Dungeon.
You were not thirsty.

You visited 1 branch of the dungeon, and saw 4 of its levels.

You collected 84 gold pieces.

Inventory:

Hand weapons
 a - a +1 short sword (weapon)
 p - a +0 hammer
 q - a +2 quarterstaff of chaos
 u - a +0 rapier
 y - a cursed -2 long sword
Missiles
 j - 34 sling bullets
 t - 2 curare-tipped needles (quivered)
Armour
 b - a +0 leather armour
 f - a +0 robe
 g - a +0 ring mail
 k - a +0 pair of gloves (worn)
 r - a +0 cloak (worn)
 w - a cursed +0 leather armour (worn)
Jewellery
 o - an uncursed amulet of clarity
 x - a cursed amulet of inaccuracy (around neck)
Scrolls
 e - 2 scrolls of teleportation
 h - 2 scrolls of identify
 n - a scroll of immolation
Potions
 d - 17 potions of blood
 i - a potion of brilliance
 l - 2 potions of invisibility
 m - a potion of might {unknown}
 s - a potion of lignification {unknown}
 v - 2 potions of flight
Books
 c - a book of Battle

   Spells                             Type                      Level
   a - Infusion                       Charms                       1
   b - Shroud of Golubria             Charms/Translocation         2
   c - Song of Slaying                Charms                       2
   d - Spectral Weapon                Hexes/Charms                 3
   e - Regeneration                   Charms/Necromancy            3


   Skills:
 + Level 2.9 Fighting
 + Level 3.5 Short Blades
 + Level 1.7 Armour
 + Level 2.8 Dodging
 + Level 2.2 Spellcasting
 + Level 4.1 Charms


You had 2 spell levels left.
You knew the following spells:

 Your Spells              Type           Power        Failure   Level  Hunger
a - Infusion              Chrm           ##....       8%          1    #......
b - Shroud of Golubria    Chrm/Tloc      #.........   21%         2    ###....
c - Spectral Weapon       Hex/Chrm       #.......     38%         3    ###....


Dungeon Overview and Level Annotations

Branches:
Dungeon (4/15)
 Temple: D:4-7

Altars:
Elyvilon
Gozag
Nemelex Xobeh


Innate Abilities, Weirdness & Mutations

You can bottle blood from corpses.
You have razor-sharp teeth.
You have supernaturally acute eyesight.
You can survive without breathing.
You have an increased reservoir of magic (+10% MP).


Message History

You miss the gnoll.
The gnoll is severely wounded.
The gnoll hits you with a whip.
* * * LOW HITPOINT WARNING * * *
You barely miss the gnoll.
The gnoll is severely wounded.
The gnoll barely misses you.
You barely miss the gnoll.
The gnoll is severely wounded.
The gnoll hits you with a whip.
* * * LOW HITPOINT WARNING * * *
There is a stone staircase leading up here.
The gnoll hits you with a whip!
* * * LOW HITPOINT WARNING * * *
You climb upwards.
There is a stone staircase leading down here.
Drink which item? (? for menu, Esc to quit)
You fade into invisibility!
The gnoll hits you with a whip.
You die...

...............#.......#
...............#.#######
...............#.#
...........(...#.#
....%...######.#.# .....÷..#
#...# ........# ##..# ...%....#
#..# ........# #g@# ........#
##.# ........# #.#
################.################
#...........#..............#
###.......#####..............#
#.........#####..............#
#......#.#...................#
#......#.#.......÷...........#


You could see a gnoll.

Vanquished Creatures
  Crazy Yiuf (D:2)
  Terence (D:2)
  2 gnolls (D:4)
  6 adders
  A giant mite (D:3)
  4 worms
  2 oozes
  3 orcs (D:3)
  4 giant cockroaches
  3 goblins
  9 hobgoblins
  8 jackals
  3 kobolds
  2 quokkas (D:2)
  8 bats
  A giant gecko (D:1)
  5 giant newts
  5 rats
68 creatures vanquished.

Notes
Turn   | Place    | Note
--------------------------------------------------------------
     0 | D:1      | maniek23, the Vampire Skald, began the quest for the Orb.
     0 | D:1      | Reached XP level 1. HP: 16/16 MP: 3/3
   294 | D:1      | Reached XP level 2. HP: 17/22 MP: 4/4
   498 | D:2      | Found a white marble altar of Elyvilon.
   630 | D:2      | Reached skill level 1 in Armour
   825 | D:2      | Reached XP level 3. HP: 24/27 MP: 6/6
   893 | D:2      | Learned a level 2 spell: Shroud of Golubria
   930 | D:2      | Noticed Crazy Yiuf
   943 | D:2      | Killed Crazy Yiuf
   943 | D:2      | Reached skill level 4 in Charms
   943 | D:2      | Reached XP level 4. HP: 32/34 MP: 7/7
  1043 | D:2      | Found a sparkling altar of Nemelex Xobeh.
  1120 | D:2      | Noticed Terence
  1685 | D:2      | Killed Terence
  1924 | D:3      | Found an opulent altar of Gozag.
  1940 | D:3      | Reached XP level 5. HP: 16/39 MP: 9/9
  3009 | D:3      | Gained mutation: You have an increased reservoir of magic (+10% MP). [potion of beneficial mutation]
  3123 | D:4      | Learned a level 3 spell: Spectral Weapon
  3612 | D:4      | HP: 2/40 [gnoll/whip (8)]
  3614 | D:3      | Slain by a gnoll

Action                   |  1- 3 |  4- 6 || total
-------------------------+-------+-------++-------
Melee: Short sword       |    84 |   236 ||   320
 Cast: Shroud of Golubri |       |     1 ||     1
 Abil: End Transformatio |       |     4 ||     4
       Bat Form          |       |     4 ||     4
  Use: Scroll            |       |     8 ||     8
       Potion            |       |     6 ||     6
  Eat: Corpse            |       |     1 ||     1
